 Dungeon Crawl Stone Soup version 0.31-a0-1009-g454b1f1e0a (webtiles) character file.

Game seed: 8094287069352293129

327 Revguard the Sneak (level 6, 0/46 HPs)
             Began as a Demonspawn Brigand on Nov 16, 2023.
             Splashed by a jelly's acid (5 damage)
             ... on level 4 of the Dungeon.
             The game lasted 00:08:03 (2748 turns).

Revguard the Sneak (Demonspawn Brigand)             Turns: 2748, Time: 00:08:03

Health: 0/46       AC:  1    Str: 12    XL:     6   Next: 24%
Magic:  7/7        EV: 17    Int: 12    God:
Gold:   217        SH:  0    Dex: 16    Spells: 5/5 levels left

rFire   . . .        a - +2 dagger
rCold   . . .        (no shield)
rNeg    . . .        k - +1 leather armour
rPois   .            (no helmet)
rElec   .            c - +0 cloak
rCorr   .            n - +0 pair of gloves
SInv    .            (no boots)
Will    .....        (no amulet)
Stlth   +++          (no ring)
HPRegen 0.27/turn    (no ring)
MPRegen 0.10/turn

%: no passive effects
@: agile, corroded
A: slimy green scales 2, powered by pain 1, weakness stinger 1
a: no special abilities


You were on level 4 of the Dungeon.
You visited 1 branch of the dungeon, and saw 4 of its levels.

You collected 217 gold pieces.

Inventory:

Hand Weapons
 a - a +2 dagger (weapon)
Missiles
 d - 15 poisoned darts (quivered)
 i - 2 throwing nets
Armour
 c - a +0 cloak (worn)
 k - a +1 leather armour (worn)
 n - a +0 pair of gloves (worn)
Jewellery
 l - a +6 ring of intelligence
Scrolls
 b - a scroll of fear {unknown}
 g - a scroll of acquirement {unknown}
 m - a scroll of torment {unknown}
 p - a scroll of brand weapon {unknown}
Potions
 h - a potion of cancellation
 o - a potion of brilliance


   Skills:
 + Level 2.9 Fighting
 * Level 3.2 Short Blades
 - Level 1.7 Throwing
 + Level 1.5 Armour
 * Level 2.6 Dodging
 + Level 4.2 Stealth
 + Level 2.3 Invocations
 + Level 1.7 Evocations


You had 5 spell levels left.
You didn't know any spells.
Your spell library contained the following spells:

 Spells                   Type           Power      Damage    Failure   Level
 Magic Dart               Conj           0%         1d3       38%         1
 Call Imp                 Summ           0%         N/A       54%         2
 Hailstorm                Conj/Ice       0%         3d3       77%         3
 Mephitic Cloud           Conj/Pois/Air  0%         N/A       77%         3
 Summon Ice Beast         Ice/Summ       0%         N/A       99%         4
 Simulacrum               Ice/Necr       0%         N/A       100%        6


Dungeon Overview and Level Annotations

Branches:
Dungeon (4/15)
 Temple: D:4-7

Altars:


Innate Abilities, Weirdness & Mutations

You are mostly covered in slimy green scales. (AC +3)
You sometimes gain a little power by taking damage.
You have a small tail.


Message History

A jelly comes into view.
The jelly quivers.
Throw: 3 darts (curare)
Press: ? - help, Shift-Dir - straight line, f - jelly
Aim: a jelly (89% to hit)
You throw a curare-tipped dart.
The curare-tipped dart completely misses the jelly.
Throw: 2 darts (curare)
Press: ? - help, Shift-Dir - straight line, f/p - jelly
Aim: a jelly (89% to hit)
You throw a curare-tipped dart. The curare-tipped dart hits the jelly.
Throw: dart (curare)
Press: ? - help, Shift-Dir - straight line, f/p - jelly
Aim: a jelly (89% to hit)
You throw a curare-tipped dart. The curare-tipped dart hits the jelly.
The jelly closely misses you.
You hit the jelly. The acid corrodes you!
Your hands burn!
The jelly is moderately wounded.
The jelly hits you but does no damage.
You hit the jelly but do no damage.
Your hands burn!
The jelly is moderately wounded.
You hit the jelly.
Your hands burn!
Your tail-slap misses the jelly.
The jelly is heavily wounded.
The jelly hits you.
You are splashed with acid!
You hit the jelly but do no damage.
Your hands burn!
The jelly is heavily wounded.
The jelly hits you.
You are splashed with acid!
You barely miss the jelly.
The jelly is heavily wounded.
The jelly misses you.
You barely miss the jelly.
The jelly is heavily wounded.
The jelly hits you.
You are splashed with acid!
* * * LOW HITPOINT WARNING * * *
You focus on the pain.
You feel agile all of a sudden.
Okay, then.
Okay, then.
You hit the jelly. The acid corrodes you!
Your hands burn!
You die...

.....#
#.#
#.#####.#
#...
######
#.#
#.......#
#### #.#
#########
#.# ##
#.# .(
#.# .#
#.# (#
#.#####J#
#.....@.#
#########


You could see a jelly.

Vanquished Creatures
  A scorpion (D:3)
  A hound (D:3)
  3 orc priests (D:4)
  Jessica (D:2)
  An orc wizard (D:4)
  5 adders
  A dart slug (D:2)
  5 orcs
  7 ball pythons
  2 endoplasms
  2 giant cockroaches
  6 goblins
  3 hobgoblins
  6 jackals
  2 kobolds
  A bat (D:1)
  A frilled lizard (D:1)
  A rat (D:1)
49 creatures vanquished.

Notes
Turn   | Place    | Note
-------+----------+-------------------------------------------
     0 | D:1      | Revguard the Demonspawn Brigand began the quest for the
                  | Orb.
     0 | D:1      | Reached XP level 1. HP: 16/16 MP: 1/1
   172 | D:1      | Found a faded altar of an unknown god.
   331 | D:1      | Reached skill level 1 in Dodging
   371 | D:1      | Gained mutation: You have a small tail. [demonic ancestry]
   371 | D:1      | Reached XP level 2. HP: 20/22 MP: 2/2
   908 | D:2      | Reached skill level 1 in Invocations
  1028 | D:2      | Reached XP level 3. HP: 18/27 MP: 3/3
  1123 | D:2      | Noticed Jessica
  1132 | D:2      | Killed Jessica
  1359 | D:3      | Gained mutation: You sometimes gain a little power by
                  | taking damage. [demonic ancestry]
  1359 | D:3      | Reached XP level 4. HP: 30/33 MP: 4/4
  1581 | D:3      | Reached skill level 1 in Evocations
  1653 | D:3      | Reached skill level 1 in Armour
  1848 | D:3      | Noticed a scorpion
  1850 | D:3      | Killed a scorpion
  1851 | D:3      | Reached skill level 4 in Stealth
  1851 | D:3      | Gained mutation: You are partially covered in slimy green
                  | scales. (AC +2) [demonic ancestry]
  1851 | D:3      | Reached XP level 5. HP: 39/39 MP: 6/6
  2405 | D:4      | Gained mutation: You are mostly covered in slimy green
                  | scales. (AC +3) [demonic ancestry]
  2405 | D:4      | Reached XP level 6. HP: 21/46 MP: 7/7
  2748 | D:4      | Splashed by a jelly's acid

Illustrated notes

Levels and vault maps discovered:
D:1:      minmay_arrival_widening_spiral_wide, layout_basic,
          ebering_ecumenical_altar_hall, due_unseen_surprise
D:2:      layout_rooms, uniq_jessica
D:3:      layout_loops_cross
D:4:      layout_basic

Skill      XL: |  1  2  3  4  5 |
---------------+----------------+-----
Dodging        | 1 2 |  2.6
Short Blades   | 2 3 |  3.2
Invocations    | 1 2 |  2.3
Evocations     | 1 |  1.7
Armour         | 1 |  1.5
Stealth        | 4 |  4.2
Fighting       | |  2.9
Throwing       | |  1.7

Action                     |  1- 3 |  4- 6 || total
---------------------------+-------+-------++-------
  Melee: Dagger            |    69 |   149 ||   218
         Tailslap          |     5 |    12 ||    17
         Punch             |       |     2 ||     2
  Throw: Dart              |       |     9 ||     9
         Throwing net      |       |     2 ||     2
    Use: Scroll            |     5 |     2 ||     7
         Potion            |       |     2 ||     2
   Stab: Sleeping          |     3 |     5 ||     8
 Armour: Robe              |    14 |       ||    14
         Leather armour    |    20 |    67 ||    87
  Dodge: Dodged            |    34 |    77 ||   111

Table legend: (Time is in decaauts)
 A = Elapsed time spent in this place.
 B = Non-inter-level travel time spent in this place.
 C = Inter-level travel time spent in this place.
 D = Time resting spent in this place.
 E = Time spent auto-exploring this place.
 F = Levels seen in this place.
 G = Mean time per level.
                   A        B        C        D        E       F      G
               +--------+--------+--------+--------+--------+-----+--------+
         Total |   2718 |   2682 |     36 |      0 |   2125 |   4 |  679.5 |
       Dungeon |   2718 |   2682 |     36 |      0 |   2125 |   4 |  679.5 |
               +--------+--------+--------+--------+--------+-----+--------+

Top non-repeatable levels by time:
     D:1: 782 daAuts
     D:4: 722 daAuts
     D:3: 659 daAuts
     D:2: 554 daAuts
